 Dungeon Crawl Stone Soup version 0.22-a0-305-gd21a89c (webtiles) character file.

557 Kikal the Conjurer (level 7, 10/33 HPs)
             Began as a Felid Venom Mage on Mar 28, 2018.
             Was a Believer of Sif Muna.
             Quit the game on level 6 of the Dungeon.
             The game lasted 00:30:33 (8710 turns).

Kikal the Conjurer (Felid Venom Mage)               Turns: 8710, Time: 00:30:33

Health: 10/33      AC:  2    Str:  5    XL:     7   Next: 9%
Magic:  13/13      EV: 18    Int: 23    God:    Sif Muna [**....]
Gold:   305        SH:  0    Dex: 16    Spells: 7/13 levels left
                                        Lives:  0   Deaths: 2

rFire    . . .     SeeInvis +     - Unarmed
rCold    . . .     Gourm    .   (shield unavailable)
rNeg     . . .     Faith    .   (armour unavailable)
rPois    .         Spirit   .   (helmet unavailable)
rElec    .         Reflect  .   (cloak unavailable)
rCorr    .         Harm     .   (gloves unavailable)
MR       +....                  (boots unavailable)
Stlth    +++.......             (no amulet)
HPRegen  0.11/turn              (no ring)
MPRegen  0.13/turn              (no ring)

@: brilliant, quick
A: very small, no armour, no weapons or thrown items, stealth, claws 1, fangs 3,
see invisible, carnivore, speed 1, shaggy fur 2, slow metabolism 1, sharp paws
a: Divine Energy, Renounce Religion


You were on level 6 of the Dungeon.
You worshipped Sif Muna.
Sif Muna was pleased with you.
You were full.

You visited 1 branch of the dungeon, and saw 6 of its levels.

You collected 305 gold pieces.

Inventory:

Missiles
 a - 37 arrows
Wands
 s - a wand of acid (7)
 w - a wand of polymorph (8)
 x - a wand of flame (17)
Scrolls
 c - a scroll of immolation {unknown}
 d - 4 scrolls of remove curse {unknown}
 f - 4 scrolls of teleportation {unknown}
 g - a scroll of fear {unknown}
 i - a scroll of enchant armour {unknown}
 j - 2 scrolls of enchant weapon {unknown}
 k - 6 scrolls of identify {unknown}
 l - a scroll of noise {unknown}
 n - a scroll of amnesia {unknown}
 o - a scroll of magic mapping {unknown}
 p - a scroll of fog {unknown}
Potions
 m - 2 potions of curing
 t - a potion of lignification {unknown}
Comestibles
 b - 5 rations


   Skills:
 + Level 4.6 Fighting
 - Level 2.6 Dodging
 - Level 2.6 Stealth
 + Level 4.6 Unarmed Combat
 - Level 3.5 Spellcasting
 + Level 5.1 Conjurations
 - Level 2.8 Air Magic
 - Level 4.7 Poison Magic


You had 7 spell levels left.
You knew the following spells:

 Your Spells              Type           Power        Failure   Level  Hunger
a - Sting                 Conj/Pois      ####         1%          1    None
b - Poisonous Vapours     Pois/Air       #####.       1%          2    #......
c - Mephitic Cloud        Conj/Pois/Air  #####...     1%          3    ###....


Dungeon Overview and Level Annotations

Branches:
Dungeon (6/15)             Temple (0/1) D:5

Altars:
Fedhas
Gozag
Sif Muna
Uskayaw

Shops:
D:4 *   D:5 }

Annotations:
D:4 shop check, Nico3ck's ghost, amateur DsFi


Innate Abilities, Weirdness & Mutations

You cannot wear armour.
You are incapable of wielding weapons or throwing items.
Your paws allow you to move quietly. (Stealth)
You have sharp claws.
You have razor-sharp teeth.
You have supernaturally acute eyesight. (SInv)
You are carnivorous and can eat meat at any time.
You cover ground quickly.
You are covered in thick fur. (AC +2)
You have a slow metabolism.
Your sharp claws are effective at attacking unaware monsters.


Message History

You scratch the worker ant but do no damage.
You claw the worker ant.
The worker ant is severely wounded.
The worker ant completely misses you.
You scratch the worker ant.
The worker ant is almost dead.
The worker ant misses you. The worker ant completely misses you.
You closely miss the worker ant.
The worker ant is almost dead.
The worker ant closely misses you.
You closely miss the worker ant.
The worker ant is almost dead.
You feel a little less agile now. The worker ant closely misses you.
You scratch the worker ant.
You kill the worker ant!
Sif Muna accepts your kill.
You see here a jackal corpse.
You can't grasp things well enough to throw them.
Are you sure you want to abandon this character and quit the game? (Confirm with "yes".)

#... #########.... ####
............. ...
###..####.... #..
####.####....######.###
................ .... .
.....####......####.###....
................@†..>......
......###......####..$....#
....#.# #......# #########
....#.# #......#
....#.###...[..#
#####..##......#
#..........#
#####....###.### .........#
#.#


There were no monsters in sight!

Vanquished Creatures
  Eustachio (D:5)
  Edmund (D:5)
  A water moccasin (D:4)
  3 ogres (D:5)
  2 centaurs (D:5)
  5 big kobolds (D:3)
  A wyvern skeleton (D:6)
  A jelly (D:6)
  2 orc wizards
  2 iguanas
  Ijyb (D:5)
  2 worker ants (D:6)
  A worker ant zombie (D:5)
  A gnoll (D:3)
  11 adders
  An ooze (D:1)
  An adder skeleton (D:5)
  A worm (D:3)
  2 dart slugs
  2 leopard geckos (D:4)
  7 orcs
  4 giant cockroaches
  14 hobgoblins
  14 jackals
  A quokka (D:4)
  4 bats
  4 frilled lizards
  8 goblins
  A jackal skeleton (D:4)
  49 kobolds
  2 leopard gecko skeletons (D:4)
  A quokka skeleton (D:4)
  8 rats
159 creatures vanquished.

Vanquished Creatures (others)
  4 toadstools (D:1)
4 creatures vanquished.

Grand Total: 163 creatures vanquished

Notes
Turn   | Place    | Note
-------+----------+-------------------------------------------
     0 | D:1      | Kikal the Felid Venom Mage began the quest for the Orb.
     0 | D:1      | Reached XP level 1. HP: 7/7 MP: 4/4
    98 | D:1      | Reached skill level 1 in Conjurations
   609 | D:1      | Reached XP level 2. HP: 11/11 MP: 4/6
  1320 | D:1      | Learned a level 2 spell: Poisonous Vapours
  1540 | D:2      | Reached XP level 3. HP: 14/14 MP: 2/7
  1969 | D:2      | Reached skill level 2 in Conjurations
  2317 | D:2      | Found a deep blue altar of Sif Muna.
  2323 | D:2      | Became a worshipper of Sif Muna the Loreminder
  2456 | D:2      | Reached XP level 4. HP: 12/18 MP: 0/9
  3070 | D:3      | Found a blossoming altar of Fedhas.
  3182 | D:3      | Learned a level 3 spell: Mephitic Cloud
  3294 | D:3      | Found a hide-covered altar of Uskayaw.
  3676 | D:3      | Reached XP level 5. HP: 21/21 MP: 3/10
  4135 | D:3      | Reached skill level 1 in Air Magic
  4334 | D:3      | Reached * piety under Sif Muna
  4515 | D:3      | Reached skill level 3 in Conjurations
  4515 | D:3      | Gained mutation: You are covered in thick fur. (AC +2) [Felid growth]
  4515 | D:3      | Reached XP level 6. HP: 24/24 MP: 1/11
  5460 | D:3      | Reached XP level 7. HP: 8/28 MP: 2/12
  5740 | D:3      | Reached skill level 1 in Fighting
  6042 | D:4      | Found Iklegan's Assorted Antiques.
  6202 | D:4      | Noticed Nico3ck's ghost (amateur DsFi)
  6251 | D:4      | Reached skill level 1 in Unarmed Combat
  7240 | D:5      | Entered Level 5 of the Dungeon
  7418 | D:5      | Found an opulent altar of Gozag.
  7594 | D:5      | Found Urucsaep's Gadget Shoppe.
  8069 | D:5      | Noticed Eustachio
  8086 | D:5      | Killed Eustachio
  8086 | D:5      | Reached skill level 4 in Conjurations
  8086 | D:5      | Reached XP level 8. HP: 28/34 MP: 2/14
  8200 | D:5      | Noticed Edmund
  8214 | D:5      | Killed Edmund
  8362 | D:5      | Noticed Ijyb
  8374 | D:5      | Killed Ijyb
  8374 | D:5      | Reached ** piety under Sif Muna
  8386 | D:5      | Shot with an arrow by a centaur
  8387 | D:5      | Reached XP level 7. HP: -1/32 MP: 3/13
  8425 | D:5      | Found a staircase to the Ecumenical Temple.
  8558 | D:6      | Slain by a centaur zombie
  8559 | D:6      | Reached XP level 6. HP: 0/29 MP: 12/12
  8669 | D:6      | Reached skill level 5 in Conjurations
  8669 | D:6      | Reached XP level 7. HP: 9/33 MP: 13/13
  8710 | D:6      | Quit the game

Vault maps used:
D:1:      ldierk_walled_garden_2
D:2:      led_sif_pool, serial_co_window_serial, co_window_of_opportunity_a,
          co_window_paths_b, co_window_cross_1, co_window_cross_1,
          co_window_paths_a, co_window_paths_a, co_window_of_opportunity_a,
          co_window_broadway_c, co_window_2corner, co_window_broadway_c,
          co_window_broadway_a, co_window_broadway_b, glass_columns_a,
          glass_columns_b, glass_columns_a, glass_columns_b
D:3:      minmay_goblin_kobold_castle, eat_drink_and_be_merry_uskayaw,
          fedhas_altar_1
D:4:      cheibrodos_barr_body, serial_shops, shop_statue
D:5:      grunt_gozag_statues, minmay_temple_entry_grid, serial_shops, shop,
          first_ration, uniq_eustachio, uniq_ijyb, uniq_edmund,
          uniq_crazy_yiuf_cottage
D:6:      hangedman_glass_teeth, kennysheep_generic_room_7, uniq_prince_ribbit1

Skill      XL: |  1  2  3  4  5  6  7  8 |
---------------+-------------------------+-----
Conjurations   | 1 2 3 5 4 |  5.1
Poison Magic   | 3 4 |  4.7
Spellcasting   | 3 |  3.5
Air Magic      | 2 |  2.8
Fighting       | 3 4 |  4.6
Unarmed Combat | 3 4 |  4.6
Dodging        | |  2.6
Stealth        | |  2.6

Action                   |  1- 3 |  4- 6 |  7- 9 || total
-------------------------+-------+-------+-------++-------
Melee: Unarmed           |    63 |   116 |   199 ||   378
       Bite              |     5 |    18 |    17 ||    40
       Punch             |       |     1 |     3 ||     4
 Cast: Sting             |    42 |    37 |    14 ||    93
       Poisonous Vapours |     9 |    63 |    40 ||   112
       Mephitic Cloud    |       |     2 |     6 ||     8
Evoke: Wand              |       |       |     2 ||     2
  Use: Potion            |       |     7 |     1 ||     8
 Stab: Sleeping          |     3 |     1 |     2 ||     6
       Confused          |       |       |     4 ||     4
  Eat: Chunk             |    10 |    12 |    13 ||    35
Armor: Skin              |     3 |    14 |    19 ||    36
Dodge: Dodged            |    57 |   141 |   154 ||   352

Table legend:
 A = Spawn XP
 B = Non-spawn XP
 C = Spawn XP percentage of total XP
 D = Spawn monster count
 E = Non-spawn monster count
 F = Spawn count percentage of total count
 G = Total turns spent on level
                    A         B        C        D         E        F      G
               +---------+---------+-------+---------+---------+-------+---------
         Total |       0 |    2294 |   0.0 |       0 |     159 |   0.0 |  8710
               +---------+---------+-------+---------+---------+-------+---------
           D:1 |       0 |      37 |   0.0 |       0 |      22 |   0.0 |  1617
           D:2 |       0 |     127 |   0.0 |       0 |      20 |   0.0 |  1438
           D:3 |       0 |     614 |   0.0 |       0 |      71 |   0.0 |  3341
           D:4 |       0 |     271 |   0.0 |       0 |      15 |   0.0 |   844
           D:5 |       0 |    1064 |   0.0 |       0 |      23 |   0.0 |  1304
           D:6 |       0 |     181 |   0.0 |       0 |       8 |   0.0 |   166
               +---------+---------+-------+---------+---------+-------+---------
